 Seeded DCSS version 0.30.1-9-gdf580d7c3d (webtiles) character file.

Game seed: 6351066067085065685 (custom seed)

156 Esekla the Magician (level 5, -2/26 (28) HPs)
             Began as a Deep Elf Wanderer on Oct 15, 2023.
             Was a Follower of Vehumet.
             Killed by miscasting Vampiric Draining (6 damage)
             ... on level 4 of the Dungeon.
             The game lasted 00:17:07 (2783 turns).

Esekla the Magician (Deep Elf Wanderer)             Turns: 2783, Time: 00:17:08

HP:   -2/26 (28)    AC:  4    Str: 11    XL:     5   Next: 14%
MP:   5/16          EV: 11    Int: 20    God:    Vehumet [*.....]
Gold: 195           SH:  4    Dex: 14    Spells: 10/17 levels left

rFire   . . .        s - +5 rapier of the Hero {heavy, rN+ Dex+3}
rCold   . . .        d - +0 buckler
rNeg    + . .        c - +0 robe
rPois   .            m - +0 helmet
rElec   .            (no cloak)
rCorr   .            l - +0 pair of gloves
SInv    .            (no boots)
Will    .....        (no amulet)
Stlth   ++           (no ring)
HPRegen 0.24/turn    (no ring)
MPRegen 0.15/turn

%: no passive effects
@: very slightly contaminated, drained
A: no striking features
a: Renounce Religion


You were on level 4 of the Dungeon.
You worshipped Vehumet.
Vehumet was aware of your devotion.
You visited 1 branch of the dungeon, and saw 4 of its levels.

You collected 195 gold pieces.

Inventory:

Hand Weapons
 a - a +1 short sword of freezing
 r - a +0 spear
 s - the +5 rapier of the Hero (weapon) {heavy, rN+ Dex+3}
   (You found it on level 3 of the Dungeon)

   Dex:       It affects your dexterity (+3).
   rN:        It protects you from negative energy.
Missiles
 u - 5 poisoned darts (quivered)
Armour
 c - a +0 robe (worn)
 d - a +0 buckler (worn)
 l - a +0 pair of gloves (worn)
 m - a +0 helmet (worn)
Wands
 i - a wand of roots (9)
Scrolls
 g - 3 scrolls of identify {unknown}
 o - a scroll of amnesia {unknown}
 p - a scroll of enchant armour {unknown}
 q - a scroll of immolation {unknown}
 t - a scroll of fog {unknown}
 w - a scroll of blinking {unknown}
 x - 2 scrolls of enchant weapon {unknown}
Potions
 b - a potion of lignification
 e - a potion of ambrosia {unknown}
 f - 2 potions of attraction {unknown}
 h - a potion of heal wounds {unknown}
 j - a potion of haste {unknown}
 k - 2 potions of curing {unknown}
 n - a potion of mutation {unknown}
 v - 2 potions of brilliance {unknown}


   Skills:
 + Level 0.7 Short Blades
 * Level 2.0 Dodging
 + Level 1.4 Stealth
 + Level 1.6 Shields
 * Level 6.8 Spellcasting
 + Level 0.7 Conjurations
 * Level 1.0 Necromancy
 + Level 2.5 Translocations
 + Level 1.0 Invocations


You had 10 spell levels left.
You knew the following spells:

 Your Spells              Type           Power      Damage    Failure   Level
a - Magic Dart            Conj           36%        1d4       11%         1
b - Blink                 Tloc           34%        N/A       8%          2
d - Vampiric Draining     Necr           10%        2d6       28%         3
p - Apportation           Tloc           34%        N/A       4%          1

Your spell library contained the following spells:

 Spells                   Type           Power      Damage    Failure   Level
 Kiss of Death            Conj/Necr      40%        2d8       10%         1
 Lesser Beckoning         Tloc           34%        N/A       8%          2
 Gell's Gravitas          Tloc           17%        N/A       14%         3
 Teleport Other           Tloc           17%        N/A       14%         3
 Ignite Poison            Fire/Tmut/Pois 6%         N/A       38%         3


Dungeon Overview and Level Annotations

Branches:
Dungeon (4/15)
 Temple: D:4-7

Altars:
Hepliaklqana
Okawaru
Qazlal
Trog
Vehumet
Zin
The Shining One

Shops:
D:2 =   D:4 (

Annotations:
D:2 black bear & gnolls


Message History

The poisoned dart barely misses the gnoll.
The poisoned dart closely misses the gnoll.
Throw: 6 darts (poison)
Press: ? - help, Q - select action, (/) - cycle Shift-Dir - straight line, f/p - gnoll
Aim: a gnoll, wielding a +0 club (moderately wounded, poisoned, 61% to hit)
You throw a poisoned dart.
The poisoned dart closely misses the gnoll.
The poisoned dart hits the gnoll.
The gnoll looks even sicker.
The gnoll is moderately wounded.
You puncture the gnoll!
The gnoll is severely wounded.
The gnoll hits you with a +0 whip. x2
Casting: Apportation (safe; 4% risk of failure)
Confirm with . or Enter, or press ? or * to list all spells.
The spell is extremely dangerous to miscast (28% risk of failure)!
Continue anyway?
Aiming: Vampiric Draining (extremely dangerous; 28% risk of failure)
Press: ? - help, Shift-Dir - straight line, f - gnoll, p - gnoll
Aim: a gnoll, wielding a +0 whip (severely wounded)
You miscast Vampiric Draining.
You are very lightly contaminated with residual magic.
Nothing appears to happen.
The gnoll hits you with a +0 whip.
Casting: Vampiric Draining (extremely dangerous; 28% risk of failure)
Confirm with . or Enter, or press ? or * to list all spells.
The spell is extremely dangerous to miscast (28% risk of failure)!
Continue anyway?
Aiming: Vampiric Draining (extremely dangerous; 28% risk of failure)
Press: ? - help, Shift-Dir - straight line, f/p - gnoll
Aim: a gnoll, wielding a +0 whip (severely wounded)
You miscast Vampiric Draining.
You convulse helplessly as pain tears through your body.
You partially resist.
You feel drained. The gnoll hits you with a +0 whip!
* * * LOW HITPOINT WARNING * * *
Casting: Vampiric Draining (extremely dangerous; 28% risk of failure)
Confirm with . or Enter, or press ? or * to list all spells.
The spell is extremely dangerous to miscast (28% risk of failure)!
Continue anyway?
Aiming: Vampiric Draining (extremely dangerous; 28% risk of failure)
Press: ? - help, Shift-Dir - straight line, f/p - gnoll
Aim: a gnoll, wielding a +0 whip (severely wounded)
You miscast Vampiric Draining.
You feel very uncomfortable. You partially resist.
You feel drained.
You die...

...#............#
...#...........##
...........>...#
....######.....# ....###
#.....# ......####.....#
...............#
.........(#+#######
.........(..(.gg@.#
..............###.#
'....##.......# #.#
##...##.......# #.#
.#....#.......# #<#
##....+.......#############
.#....#...................#
##.............##########.#
'..#......#.............#.#


You could see 2 gnolls.

Vanquished Creatures
  A hound (D:3)
  An iguana (D:2)
  2 gnolls (D:4)
  3 adders
  2 dart slugs
  3 orcs (D:3)
  4 endoplasms
  8 goblins
  4 hobgoblins
  A quokka (D:1)
  6 ball pythons
  4 bats
  4 frilled lizards
  5 kobolds
  A rat (D:2)
49 creatures vanquished.

Notes
Turn   | Place    | Note
-------+----------+-------------------------------------------
     0 | D:1      | Esekla the Deep Elf Wanderer began the quest for the Orb.
     0 | D:1      | Esekla set off with the following items: a +0 club, a
                  | potion of lignification, a +0 robe, a +0 buckler; and the
                  | following spells available to memorise: Apportation, Blink,
                  | Lesser Beckoning, Magic Dart, Ignite Poison, Vampiric
                  | Draining.
     0 | D:1      | Reached XP level 1. HP: 10/10 MP: 7/7
     2 | D:1      | Learned a level 1 spell: Magic Dart
     4 | D:1      | Learned a level 1 spell: Apportation
   242 | D:2      | Found Renulab's Jewellery Shop.
   499 | D:4      | Found a radiant altar of Vehumet.
   507 | D:4      | Found an iron altar of Okawaru.
   518 | D:4      | Found a glowing silver altar of Zin.
   601 | D:4      | Became a worshipper of Vehumet
   793 | D:3      | Reached XP level 2. HP: 13/15 MP: 2/9
   796 | D:3      | Learned a level 2 spell: Blink
  1010 | D:2      | Noticed a black bear
  1126 | D:3      | Reached skill level 5 in Spellcasting
  1236 | D:3      | Identified the +5 rapier of the Hero {heavy, rN+ Dex+3}
  1274 | D:2      | Reached skill level 1 in Dodging
  1351 | D:1      | Reached XP level 3. HP: 19/19 MP: 6/11
  1355 | D:1      | Learned a level 3 spell: Vampiric Draining
  1837 | D:2      | Reached XP level 4. HP: 18/24 MP: 7/13
  1857 | D:2      | Found a faded altar of an unknown god.
  1959 | D:2      | Reached * piety under Vehumet
  1959 | D:2      | Offered knowledge of Kiss of Death by Vehumet.
  2165 | D:3      | Reached skill level 1 in Necromancy
  2345 | D:3      | Found a stormy altar of Qazlal.
  2358 | D:3      | Reached skill level 6 in Spellcasting
  2381 | D:3      | Found a bloodstained altar of Trog.
  2411 | D:3      | Found a hazy altar of Hepliaklqana.
  2551 | D:4      | Found Ponaysk's Antique Weapon Boutique.
  2690 | D:4      | Found a glowing golden altar of the Shining One.
  2721 | D:4      | Reached XP level 5. HP: 28/28 MP: 16/16
  2783 | D:4      | Killed by miscasting Vampiric Draining

Illustrated notes

Levels and vault maps discovered:
D:1:      sevenhm_arrival_forest_fort_small_3, layout_rooms,
          chequers_serial_rivers_room_b, minmay_misc_feat_five
D:2:      layout_loops_ring, dreamdust_ecumenical_altar_angels_and_demons,
          serial_shops, shop
D:3:      layout_basic, grunt_temple_overflow_open, minmay_misc_feat_iff
D:4:      layout_basic, nicolae_overflow_quartered_altars, serial_shops,
          nicolae_diamond_shop

Skill      XL: |  1  2  3  4 |
---------------+-------------+-----
Spellcasting   | 5 6 |  6.8
Dodging        | 1 2 |  2.0
Necromancy     | 1 |  1.0
Short Blades   | |  0.7
Stealth        | |  1.4
Shields        | |  1.6
Conjurations   | |  0.7
Translocations | |  2.5
Invocations    | |  1.0

Action                     |  1- 3 |  4- 6 || total
---------------------------+-------+-------++-------
  Melee: Short sword       |    23 |       ||    23
         Rapier            |    22 |    24 ||    46
  Throw: Dart              |       |     7 ||     7
   Cast: Magic Dart        |    48 |    22 ||    70
         Apportation       |    31 |     4 ||    35
         Vampiric Draining |     1 |     2 ||     3
    Use: Scroll            |     1 |       ||     1
   Stab: Sleeping          |     2 |       ||     2
 Armour: Robe              |    18 |     6 ||    24
  Dodge: Dodged            |    30 |    19 ||    49
  Block: Buckler           |    12 |     5 ||    17
